[Event "8th Mersin Open 2024"]
[Site "Mersin"]
[Date "2024.11.13"]
[Round "6"]
[White "Lobanov, Sergei"]
[Black "Schekachikhin, Maksim"]
[Result "1/2-1/2"]
[ECO "D26"]
[WhiteElo "2503"]
[BlackElo "2353"]
[Annotator "TA"]
[PlyCount "111"]
[EventDate "2024.11.10"]
[EventType "swiss"]
[EventCountry "TUR"]
[SourceTitle "playchess.com"]
[Source "ChessBase"]
[SourceQuality "1"]
[TimeControl "5400+30"]

1. d4 d5 2. c4 dxc4 3. Nf3 Nf6 4. e3 e6 5. Bxc4 c5 6. O-O Nc6 7. Qe2 cxd4 8. Rd1 Be7 9. exd4 O-O 10. Nc3 Nb4 11. Ne5 Nbd5 12. Bg5 h6 13. Bd2 Bd7 14. Nxd5 {[%emt 0:11:30] White is slightly better.} exd5 15. Bd3 Bd6 16. Qf3 Be6 17. h3 Rc8 18. a3 a6 19. Re1 Re8 20. Rad1 Bb8 21. Bb1 Ba7 (21... Ne4 $11) 22. Bf4 $14 {[%emt 0:01:30] White is much more active.} Bb8 23. Re3 (23. Qb3 {is interesting.} Qe7 24. Qg3 Nh5 25. Qd3) 23... Ne4 24. Bxe4 dxe4 25. Qxe4 f6 26. Nd3 Bb3 27. Qxe8+ Qxe8 28. Rxe8+ Rxe8 29. Rc1 Ba7 30. Be3 Rd8 {[%emt 0:00:00] [#]} (30... Bb8 $11 {remains equal.}) 31. Rc3 (31. Rc7 $1 $16 Bxd4 32. Bxd4 (32. Rxb7 Bd5 $11) 32... Rxd4 33. Nc5 Rd1+ 34. Kh2) 31... Bf7 $11 32. Nf4 Bb8 33. Ne2 g5 34. f3 Bd5 35. Kf2 Kf7 36. h4 Kg6 37. Rc1 Bc6 {[%emt 0:00:53] This pair of bishops is nice.} 38. g4 gxh4 39. Rh1 h5 {[%emt 0:00:11] [#] ...hxg4 would now be deadly.} 40. Rxh4 hxg4 41. Rxg4+ Kf7 42. Bh6 Rh8 {[%emt 0:00:30] The position is equal.} 43. Rg7+ Ke6 44. Bf4 Ba7 45. Be3 {[%emt 0:00:23][%cal Od4d5] Strongly threatening d5+!} Rh2+ 46. Rg2 Rxg2+ 47. Kxg2 {[%emt 0:00:13][%cal Od4d5][%mdl 4096] Endgame. Hoping for d5+! KBB-KBN} Kd5 48. b3 Bb8 49. Nc3+ Ke6 50. Kf2 Bd6 51. Bc1 f5 52. Ke3 Bf8 53. Ke2 Bg7 54. Be3 Bf8 55. Bc1 Bg7 56. Be3 {[%emt 0:00:00] Weighted Error Value: White=0.07 (flawless) /Black=0.09 (flawless) .  Mistake:       	White=1     	Black=2      Inaccurate:     	White=3     	Black=1      OK:         	White=20    	Black=24     Best:        	White=1     	Black=5} 1/2-1/2

[Event "8th Mersin Open 2024"]
[Site "Mersin"]
[Date "2024.11.13"]
[Round "6"]
[White "Ikonnikov, Vyacheslav"]
[Black "Shafei, Hamid"]
[Result "1-0"]
[ECO "E17"]
[WhiteElo "2465"]
[BlackElo "2018"]
[Annotator "RC"]
[PlyCount "55"]
[EventDate "2024.11.10"]
[EventType "swiss"]
[EventCountry "TUR"]
[SourceTitle "playchess.com"]
[Source "ChessBase"]
[SourceQuality "1"]
[TimeControl "5400+30"]

1. d4 Nf6 2. Nf3 e6 3. c4 b6 4. g3 Bb7 5. Bg2 Be7 6. O-O O-O 7. Re1 d5 8. cxd5 exd5 9. Nc3 Nbd7 10. Bf4 Nh5 11. Bd2 Nhf6 12. Qc2 c5 13. Rad1 Rc8 14. Bh3 Re8 15. Qb1 Ra8 16. Bf4 a6 17. a3 Nf8 18. Be5 c4 19. Nd2 N6d7 20. Bg2 b5 21. Nxd5 Nxe5 22. dxe5 Bxd5 23. Nf1 Qb6 24. Bxd5 Bc5 25. e3 Ra7 26. f4 Rc7 27. Kg2 c3 28. b4 1-0

[Event "8th Mersin Open 2024"]
[Site "Mersin"]
[Date "2024.11.13"]
[Round "6"]
[White "Yermolinsky, Alex"]
[Black "Abbasi Abeluie, Mohammad Mehdi"]
[Result "1-0"]
[ECO "E54"]
[WhiteElo "2417"]
[BlackElo "2218"]
[Annotator "RC"]
[PlyCount "52"]
[EventDate "2024.11.10"]
[EventType "swiss"]
[EventCountry "TUR"]
[SourceTitle "playchess.com"]
[Source "ChessBase"]
[SourceQuality "1"]
[TimeControl "5400+30"]

1. d4 Nf6 2. c4 e6 3. Nc3 Bb4 4. e3 O-O 5. Bd3 d5 6. Nf3 dxc4 7. Bxc4 c5 8. O-O b6 9. a3 Bxc3 10. bxc3 Qc7 11. Bd3 Bb7 12. Re1 Be4 13. Be2 Nbd7 14. Bb2 Rfd8 15. c4 cxd4 16. exd4 Rac8 17. Rc1 Nf8 18. Qb3 Qb7 19. a4 Ng6 20. g3 Ne7 21. Ne5 Qb8 22. Bf1 Ba8 23. Bh3 Rc7 24. Nxf7 Kxf7 25. Bxe6+ Kf8 26. d5 Rc5 1-0

[Event "8th Mersin Open 2024"]
[Site "Mersin"]
[Date "2024.11.13"]
[Round "6"]
[White "Ebrahimi Herab, Hamidreza"]
[Black "Bernadskiy, Vitaliy"]
[Result "1/2-1/2"]
[ECO "E52"]
[WhiteElo "2386"]
[BlackElo "2543"]
[Annotator "TA"]
[PlyCount "39"]
[EventDate "2024.11.10"]
[EventType "swiss"]
[EventCountry "TUR"]
[SourceTitle "playchess.com"]
[Source "ChessBase"]
[SourceQuality "1"]
[TimeControl "5400+30"]

1. d4 Nf6 2. c4 e6 3. Nc3 Bb4 4. Bd2 O-O 5. Nf3 d5 6. e3 Nbd7 7. Bd3 dxc4 8. Bxc4 b6 9. O-O Bb7 10. Qe2 c5 11. a3 Bxc3 12. Bxc3 Ne4 {[%emt 0:00:00] The position is equal.} 13. Rfd1 Nxc3 14. bxc3 Qc7 15. Bd3 Rac8 16. a4 h6 17. h3 Rfd8 18. e4 cxd4 19. cxd4 Qf4 20. a5 {[%emt 0:00:30] Not much happened in this game.   Weighted Error Value: White=0.03 (flawless) /Black=0.04 (flawless) .  OK:         	White=3     	Black=3} 1/2-1/2

[Event "8th Mersin Open 2024"]
[Site "Mersin"]
[Date "2024.11.13"]
[Round "6"]
[White "Cheng, Bindi"]
[Black "Gulden, Egemen"]
[Result "1-0"]
[ECO "E17"]
[WhiteElo "2368"]
[BlackElo "2084"]
[Annotator "RC"]
[PlyCount "105"]
[EventDate "2024.11.10"]
[EventType "swiss"]
[EventCountry "TUR"]
[SourceTitle "playchess.com"]
[Source "ChessBase"]
[SourceQuality "1"]
[TimeControl "5400+30"]

1. Nf3 Nf6 2. c4 b6 3. g3 Bb7 4. Bg2 e6 5. O-O Be7 6. Nc3 O-O 7. Re1 d5 8. cxd5 exd5 9. d4 Nbd7 10. Bf4 a6 11. Qc2 Bb4 12. a3 Bxc3 13. Qxc3 c5 14. dxc5 bxc5 15. Qb3 Bc6 16. Rac1 Qa5 17. Qd3 Qb6 18. Ne5 c4 19. Qf5 Rfe8 20. Be3 Qc7 21. Nxc6 Qxc6 22. Bd4 Qe6 23. Qf4 Rac8 24. Rcd1 h6 25. h3 Rcd8 26. Qc7 Ne4 27. Ba7 Ndf6 28. Qa5 Rd7 29. Bd4 Rb8 30. Kh2 Rb5 31. Qa4 Nc5 32. Qc2 Nb3 33. a4 Nxd4 34. Rxd4 Rb4 35. Red1 Qc6 36. e4 Qxa4 37. Qxa4 Rxa4 38. e5 Ne8 39. Bxd5 Re7 40. Bxc4 Kf8 41. f4 g5 42. Kg2 Rc7 43. b3 Ra2+ 44. Kf3 Ke7 45. f5 Ra5 46. f6+ Kf8 47. Ke4 Rcc5 48. Rd5 Nc7 49. Rd8+ Ne8 50. R1d7 Rxe5+ 51. Kd4 Rac5 52. Rxf7+ Kg8 53. Rg7+ 1-0

[Event "8th Mersin Open 2024"]
[Site "Mersin"]
[Date "2024.11.13"]
[Round "6"]
[White "Bicer, Atakan Mert"]
[Black "Zerey, Demhat"]
[Result "0-1"]
[ECO "C07"]
[WhiteElo "2342"]
[BlackElo "2194"]
[Annotator "RC"]
[PlyCount "70"]
[EventDate "2024.11.10"]
[EventType "swiss"]
[EventCountry "TUR"]
[SourceTitle "playchess.com"]
[Source "ChessBase"]
[SourceQuality "1"]
[TimeControl "5400+30"]

1. e4 e6 2. d4 d5 3. Nd2 c5 4. Ngf3 cxd4 5. Nxd4 Nc6 6. Bb5 Bd7 7. Nxc6 bxc6 8. Bd3 Bd6 9. Qe2 e5 10. c4 d4 11. O-O Qe7 12. c5 Bxc5 13. Nc4 Nf6 14. f4 exf4 15. Bxf4 Ng4 16. h3 Ne3 17. Nxe3 dxe3 18. Kh1 O-O 19. Rac1 a5 20. e5 g6 21. Bxe3 Bxe3 22. Qxe3 a4 23. a3 Ra5 24. Rce1 Be6 25. Rf6 Rb8 26. Re2 Qd7 27. Bc2 Rbb5 28. Qg3 Qd4 29. Rf4 Qb6 30. Qg5 Qb8 31. Qf6 Rxe5 32. Rd2 Rad5 33. Rxd5 Bxd5 34. Bd3 Re3 35. Qd4 Rxd3 0-1

[Event "8th Mersin Open 2024"]
[Site "Mersin"]
[Date "2024.11.13"]
[Round "6"]
[White "Jinan Jomon"]
[Black "Biriya, Mohammadamin"]
[Result "1-0"]
[ECO "B11"]
[WhiteElo "2342"]
[BlackElo "2139"]
[Annotator "RC"]
[PlyCount "54"]
[EventDate "2024.11.10"]
[EventType "swiss"]
[EventCountry "TUR"]
[SourceTitle "playchess.com"]
[Source "ChessBase"]
[SourceQuality "1"]
[TimeControl "5400+30"]

1. e4 c6 2. Nc3 d5 3. Nf3 dxe4 4. Nxe4 Nf6 5. Qe2 Nxe4 6. Qxe4 Nd7 7. Bc4 Nf6 8. Ne5 e6 9. Qe2 b5 10. Bb3 Qc7 11. O-O Bd6 12. d4 O-O 13. Bf4 b4 14. Rad1 a5 15. Bc4 Bb7 16. Rfe1 Nd5 17. Bg3 a4 18. Qh5 Ba6 19. Rd3 a3 20. bxa3 bxa3 21. Bxa6 Rxa6 22. c4 Nf6 23. Qd1 Nd7 24. Bf4 Rd8 25. c5 Bf8 26. Nxf7 Qxf4 27. Nxd8 Ra8 1-0

[Event "8th Mersin Open 2024"]
[Site "Mersin"]
[Date "2024.11.13"]
[Round "6"]
[White "Baradaran Tamadon, Arian"]
[Black "Annaberdiyev, Meylis"]
[Result "1-0"]
[ECO "B32"]
[WhiteElo "2323"]
[BlackElo "2443"]
[Annotator "RC"]
[PlyCount "76"]
[EventDate "2024.11.10"]
[EventType "swiss"]
[EventCountry "TUR"]
[SourceTitle "playchess.com"]
[Source "ChessBase"]
[SourceQuality "1"]
[TimeControl "5400+30"]

1. e4 c5 2. Nf3 Nc6 3. d4 cxd4 4. Nxd4 e5 5. Nb5 d6 6. c4 Be6 7. N5c3 Nf6 8. Be2 g6 9. Be3 Bg7 10. Na3 a6 11. Qd2 O-O 12. Nc2 Rc8 13. b3 Ne7 14. Rc1 b5 15. cxb5 axb5 16. Bxb5 Qa5 17. b4 Qa8 18. f3 Qb7 19. a4 Rfd8 20. Qd3 d5 21. exd5 Nexd5 22. Nxd5 Nxd5 23. Ba6 Nxe3 24. Bxb7 Nxg2+ 25. Kf1 Nf4 26. Qe3 Rc7 27. Ba6 Bh6 28. h4 Rd6 29. Bb5 e4 30. Ne1 Rb7 31. fxe4 Kg7 32. Qc5 Rd8 33. Rh2 Kg8 34. Qc3 Nh5 35. Rcc2 Bf4 36. Rhd2 Rf8 37. Kg2 g5 38. Nd3 gxh4 1-0

[Event "8th Mersin Open 2024"]
[Site "Mersin"]
[Date "2024.11.13"]
[Round "6"]
[White "Gurbanov, Ismayil"]
[Black "Mohannad, Farhan"]
[Result "1-0"]
[ECO "C10"]
[WhiteElo "2261"]
[BlackElo "2115"]
[Annotator "RC"]
[PlyCount "83"]
[EventDate "2024.11.10"]
[EventType "swiss"]
[EventCountry "TUR"]
[SourceTitle "playchess.com"]
[Source "ChessBase"]
[SourceQuality "1"]
[TimeControl "5400+30"]

1. e4 e6 2. d4 d5 3. Nd2 dxe4 4. Nxe4 Nd7 5. Be3 Ngf6 6. Nxf6+ Nxf6 7. Nf3 Bd6 8. Bd3 Qe7 9. O-O c5 10. Qe2 Qc7 11. Bb5+ Bd7 12. Rad1 O-O-O 13. dxc5 Bxc5 14. Bxc5 Qxc5 15. Bxd7+ Rxd7 16. Ne5 Rc7 17. c4 Rd8 18. Rxd8+ Kxd8 19. Rd1+ Ke8 20. Qd2 Rc8 21. Qf4 Qe7 22. Qd4 Qc5 23. Qf4 Qe7 24. g4 Rc7 25. Qd4 b6 26. b4 Kf8 27. b5 Ne8 28. Nc6 Qg5 29. h3 h5 30. Qe5 Qxe5 31. Nxe5 hxg4 32. hxg4 f6 33. Nc6 e5 34. Rd8 Kf7 35. Kf1 g5 36. Ke2 Ng7 37. Ra8 a5 38. c5 bxc5 39. Nd8+ Ke7 40. b6 Rd7 41. b7 Rxd8 42. Rxd8 1-0

[Event "8th Mersin Open 2024"]
[Site "Mersin"]
[Date "2024.11.13"]
[Round "6"]
[White "Dogan, Nazmi Can"]
[Black "Tezcan, Alper"]
[Result "1/2-1/2"]
[ECO "C02"]
[WhiteElo "2218"]
[BlackElo "2002"]
[Annotator "RC"]
[PlyCount "67"]
[EventDate "2024.11.10"]
[EventType "swiss"]
[EventCountry "TUR"]
[SourceTitle "playchess.com"]
[Source "ChessBase"]
[SourceQuality "1"]
[TimeControl "5400+30"]

1. e4 e6 2. d4 d5 3. e5 c5 4. c3 Nc6 5. Nf3 Qb6 6. Bd3 cxd4 7. O-O Bd7 8. Re1 Nge7 9. h4 Rc8 10. h5 h6 11. a3 a6 12. b4 dxc3 13. Nxc3 Nd4 14. Bb2 Nxf3+ 15. Qxf3 Nc6 16. Qg3 Na5 17. Ne2 Nc4 18. Bd4 Qd8 19. f4 a5 20. bxa5 Qxa5 21. a4 Nd2 22. f5 Ne4 23. Bxe4 dxe4 24. fxe6 Bxe6 25. Nf4 Bf5 26. Rec1 Rxc1+ 27. Rxc1 Qd8 28. Rc4 Qg5 29. Qb3 Be7 30. Nd5 O-O 31. Be3 Qh4 32. Bf2 Qg5 33. Be3 Qh4 34. Bf2 1/2-1/2

[Event "8th Mersin Open 2024"]
[Site "Mersin"]
[Date "2024.11.13"]
[Round "6"]
[White "Yildiz, Serdar Murat"]
[Black "Celebi, Mehmet Alper"]
[Result "1-0"]
[ECO "B45"]
[WhiteElo "2201"]
[BlackElo "2014"]
[Annotator "RC"]
[PlyCount "52"]
[EventDate "2024.11.10"]
[EventType "swiss"]
[EventCountry "TUR"]
[SourceTitle "playchess.com"]
[Source "ChessBase"]
[SourceQuality "1"]
[TimeControl "5400+30"]

1. e4 c5 2. Nf3 e6 3. d4 cxd4 4. Nxd4 Nf6 5. Nc3 Nc6 6. Nxc6 bxc6 7. e5 Nd5 8. Ne4 Qc7 9. f4 Qb6 10. c4 Bb4+ 11. Ke2 Ba6 12. Kf3 f5 13. exf6 Nxf6 14. Be3 Qa5 15. Nxf6+ gxf6 16. Kf2 Bc5 17. Qh5+ Kd8 18. Qxc5 Qc7 19. Rd1 Rb8 20. b3 e5 21. Rd6 Rf8 22. Be2 Rf7 23. Rhd1 Rb6 24. f5 Kc8 25. Bh5 Rf8 26. Rxd7 Rh8 1-0

[Event "8th Mersin Open 2024"]
[Site "Mersin"]
[Date "2024.11.13"]
[Round "6"]
[White "Atis, Hasan"]
[Black "Tirpan, Ceren"]
[Result "1-0"]
[ECO "B42"]
[WhiteElo "2167"]
[BlackElo "2053"]
[Annotator "RC"]
[PlyCount "59"]
[EventDate "2024.11.10"]
[EventType "swiss"]
[EventCountry "TUR"]
[SourceTitle "playchess.com"]
[Source "ChessBase"]
[SourceQuality "1"]
[TimeControl "5400+30"]

1. e4 c5 2. Nf3 e6 3. d4 cxd4 4. Nxd4 a6 5. Bd3 Bc5 6. Nb3 Ba7 7. Qg4 Nf6 8. Qg3 d6 9. O-O Nc6 10. Nc3 b5 11. Bg5 Ne5 12. Rad1 h6 13. Bc1 g5 14. Kh1 Bb7 15. f3 Rg8 16. Qe1 Nh5 17. a4 bxa4 18. Nxa4 Bc6 19. Nc3 Qb6 20. Be2 O-O-O 21. Rd4 a5 22. Rd1 Qb4 23. Bd2 Qb6 24. Ra1 Kd7 25. Rxa5 Ra8 26. Qa1 Ke7 27. Ra6 Qc7 28. Qa5 Qd7 29. Nb5 Bb7 30. Rxd6 1-0

[Event "8th Mersin Open 2024"]
[Site "Mersin"]
[Date "2024.11.13"]
[Round "6"]
[White "Hasirci, Ozgur Deniz"]
[Black "Babaniya, Benyamin"]
[Result "1/2-1/2"]
[ECO "C48"]
[WhiteElo "2128"]
[BlackElo "2080"]
[Annotator "NA RC"]
[PlyCount "82"]
[EventDate "2024.11.10"]
[EventType "swiss"]
[EventCountry "TUR"]
[SourceTitle "playchess.com"]
[Source "ChessBase"]
[SourceQuality "1"]
[TimeControl "5400+30"]

1. e4 e5 2. Nf3 Nf6 3. Nc3 Nc6 4. Bb5 Bc5 5. O-O O-O 6. d3 d6 7. Na4 Nd4 8. Nxd4 Bxd4 9. c3 Bg4 10. Qc2 Bb6 11. Nxb6 axb6 12. f4 c6 13. Ba4 b5 14. Bb3 Be6 15. fxe5 Bxb3 16. Qxb3 dxe5 17. Rf3 Qd6 18. Qc2 Nd7 19. b4 Qe6 20. a3 f5 21. Rxf5 Rxf5 22. exf5 Qxf5 23. Be3 Qe6 24. a4 bxa4 25. Rxa4 Rxa4 26. Qxa4 e4 27. Qc2 Nf6 28. dxe4 b5 29. Bd4 Qxe4 30. Qa2+ Qd5 31. Qa8+ Kf7 32. Qc8 Qe6 33. Qc7+ Kg6 34. Qg3+ Kf7 35. h3 Qe4 36. Kh2 Qd5 37. Bc5 Qe6 38. Qc7+ Qd7 39. Qf4 Qe6 40. Bd4 Kg6 41. Qc7 h6 1/2-1/2

[Event "8th Mersin Open 2024"]
[Site "Mersin"]
[Date "2024.11.13"]
[Round "6"]
[White "Sahin, Ata Sarp"]
[Black "Kazimova, Narmin"]
[Result "1/2-1/2"]
[ECO "D02"]
[WhiteElo "2109"]
[BlackElo "2155"]
[Annotator "RC"]
[PlyCount "81"]
[EventDate "2024.11.10"]
[EventType "swiss"]
[EventCountry "TUR"]
[SourceTitle "playchess.com"]
[Source "ChessBase"]
[SourceQuality "1"]
[TimeControl "5400+30"]

1. d4 Nf6 2. Bf4 e6 3. e3 c5 4. c3 Nc6 5. Nd2 d5 6. Ngf3 Bd6 7. Bg3 O-O 8. Bb5 Ne7 9. Bd3 Nf5 10. Bxf5 exf5 11. Bxd6 Qxd6 12. dxc5 Qxc5 13. O-O Qc7 14. Nb3 a5 15. Nbd4 f4 16. exf4 Qxf4 17. Qd2 Qc7 18. Qg5 a4 19. Rfe1 a3 20. bxa3 h6 21. Qe5 Qxc3 22. Rac1 Qxa3 23. Nb5 Qb4 24. Nc7 Rxa2 25. Nxd5 Nxd5 26. Qxd5 Be6 27. Qd3 Qb6 28. Qd4 Qxd4 29. Nxd4 Rd2 30. Nxe6 fxe6 31. f3 Rd6 32. Rc7 Rf7 33. Rc8+ Kh7 34. Rb8 Kg6 35. Rb1 Rdd7 36. Kf2 Rd2+ 37. Kg3 Rdd7 38. Rb5 Kf6 39. h4 g6 40. Kf2 Rd2+ 41. Kg3 1/2-1/2

[Event "8th Mersin Open 2024"]
[Site "Mersin"]
[Date "2024.11.13"]
[Round "6"]
[White "Topuz, Mirac Melih"]
[Black "Mammadova, Gulnar"]
[Result "1/2-1/2"]
[ECO "E05"]
[WhiteElo "2097"]
[BlackElo "2328"]
[Annotator "RC"]
[PlyCount "60"]
[EventDate "2024.11.10"]
[EventType "swiss"]
[EventCountry "TUR"]
[SourceTitle "playchess.com"]
[Source "ChessBase"]
[SourceQuality "1"]
[TimeControl "5400+30"]

1. d4 Nf6 2. c4 e6 3. g3 d5 4. Bg2 Be7 5. Nf3 O-O 6. O-O dxc4 7. Qc2 a6 8. a4 Bd7 9. Qxc4 Bc6 10. Bg5 Bd5 11. Qc2 Be4 12. Qc1 Nc6 13. e3 h6 14. Bxf6 Bxf6 15. Nc3 Bh7 16. Rd1 Na5 17. Nd2 Be7 18. Na2 Qd7 19. b4 Nc6 20. Qb2 Rab8 21. Rac1 a5 22. b5 Nb4 23. Nc4 Nxa2 24. Qxa2 Bb4 25. d5 exd5 26. Rxd5 Qe6 27. Rcd1 c6 28. bxc6 bxc6 29. Rd7 Bf5 30. R7d4 Bc5 1/2-1/2

[Event "8th Mersin Open 2024"]
[Site "Mersin"]
[Date "2024.11.13"]
[Round "6"]
[White "Pourramezan chafjiri, Parsa"]
[Black "Odeev, Handszar"]
[Result "1-0"]
[ECO "B51"]
[WhiteElo "2081"]
[BlackElo "2264"]
[Annotator "RC"]
[PlyCount "69"]
[EventDate "2024.11.10"]
[EventType "swiss"]
[EventCountry "TUR"]
[SourceTitle "playchess.com"]
[Source "ChessBase"]
[SourceQuality "1"]
[TimeControl "5400+30"]

1. e4 c5 2. Nf3 d6 3. Bb5+ Nd7 4. O-O a6 5. Bd3 Ne5 6. Nxe5 dxe5 7. a4 Nf6 8. Nc3 b6 9. Bc4 g6 10. h3 Bg7 11. d3 Nh5 12. Be3 e6 13. a5 b5 14. Nxb5 axb5 15. Bxb5+ Bd7 16. Bxd7+ Qxd7 17. Bxc5 Bf8 18. Bxf8 Kxf8 19. b4 Kg7 20. Qd2 Rhd8 21. Rfb1 Qb5 22. c4 Qb7 23. b5 Nf4 24. a6 Qe7 25. g3 Rxd3 26. Qe1 Nxh3+ 27. Kg2 Nf4+ 28. gxf4 exf4 29. Qh1 f3+ 30. Kf1 Qc5 31. b6 Qxc4 32. Kg1 Rxa6 33. Rxa6 Qxa6 34. b7 Rd8 35. Qh2 1-0

[Event "8th Mersin Open 2024"]
[Site "Mersin"]
[Date "2024.11.13"]
[Round "6"]
[White "Ererdem, Gani Eren"]
[Black "Mahdavi, Armin"]
[Result "1/2-1/2"]
[ECO "B06"]
[WhiteElo "2066"]
[BlackElo "2038"]
[Annotator "NA RC"]
[PlyCount "76"]
[EventDate "2024.11.10"]
[EventType "swiss"]
[EventCountry "TUR"]
[SourceTitle "playchess.com"]
[Source "ChessBase"]
[SourceQuality "1"]
[TimeControl "5400+30"]

1. d4 g6 2. e4 Bg7 3. Nf3 d6 4. Bc4 a6 5. O-O e6 6. Re1 Ne7 7. c3 O-O 8. Bf4 d5 9. Bd3 Nd7 10. exd5 Nxd5 11. Bg5 Ne7 12. Nbd2 c5 13. Ne4 cxd4 14. cxd4 f6 15. Bd2 Nd5 16. Rc1 Qe7 17. Nc3 Nxc3 18. Bxc3 Re8 19. Qb3 Qd6 20. Nd2 b5 21. a4 Bb7 22. axb5 axb5 23. Ne4 Qf4 24. Bd2 Qh4 25. Rc7 Bd5 26. Qc2 Nf8 27. h3 Rab8 28. Nd6 Red8 29. Ne4 Nd7 30. Nc5 Nf8 31. Be4 f5 32. Bxd5 exd5 33. Nb3 Re8 34. Rxe8 Rxe8 35. Qd3 Ne6 36. Rc1 Nxd4 37. Nxd4 Bxd4 38. Rf1 Rb8 1/2-1/2

[Event "8th Mersin Open 2024"]
[Site "Mersin"]
[Date "2024.11.13"]
[Round "6"]
[White "Khalili, Saeid"]
[Black "Akkara, Omer"]
[Result "1/2-1/2"]
[ECO "D94"]
[WhiteElo "2066"]
[BlackElo "2103"]
[Annotator "NA RC"]
[PlyCount "156"]
[EventDate "2024.11.10"]
[EventType "swiss"]
[EventCountry "TUR"]
[SourceTitle "playchess.com"]
[Source "ChessBase"]
[SourceQuality "1"]
[TimeControl "5400+30"]

1. d4 Nf6 2. Nf3 g6 3. c4 Bg7 4. Nc3 d5 5. e3 O-O 6. cxd5 Nxd5 7. Bc4 Nb6 8. Bb3 N8d7 9. O-O c5 10. h3 cxd4 11. exd4 Nf6 12. Be3 Nfd5 13. Nxd5 Nxd5 14. Rc1 e6 15. Qd2 b6 16. Rc2 Bb7 17. Ne5 Qd6 18. Nc4 Qd7 19. Rfc1 Rfd8 20. Ne5 Qd6 21. Nc4 Qe7 22. a3 Nxe3 23. fxe3 Qg5 24. Qf2 Be4 25. Rc3 h5 26. Kh2 Rd7 27. Qg3 Qxg3+ 28. Kxg3 Bb7 29. Bd1 Rad8 30. Bf3 Bxf3 31. Kxf3 Rd5 32. b4 Rf5+ 33. Ke2 Rg5 34. Kf2 e5 35. dxe5 Kh7 36. a4 a6 37. R3c2 b5 38. axb5 axb5 39. Na3 Rxe5 40. Rc5 Rd2+ 41. Kf3 Re6 42. Rxb5 Rf6+ 43. Kg3 Rff2 44. Rg1 Rfe2 45. Nc4 Rc2 46. Rc5 Bf8 47. Rc8 Bxb4 48. Kf3 Rf2+ 49. Kg3 h4+ 50. Kh2 Kg7 51. Kh1 Rfe2 52. Rc7 Bd6 53. Nxd6 Rxc7 54. Ne8+ Kh6 55. Nxc7 Rxe3 56. Rf1 f5 57. Kg1 Re5 58. Rd1 g5 59. Rd6+ Kh5 60. Rd5 Re1+ 61. Kf2 Rc1 62. Ne6 Rc2+ 63. Kg1 Rc1+ 64. Kh2 Rf1 65. Rd6 g4 66. hxg4+ fxg4 67. Rd5+ Kg6 68. Rg5+ Kf6 69. Rxg4 Kxe6 70. Rxh4 Kf5 71. Rh8 Kg6 72. Ra8 Rb1 73. Kh3 Rb6 74. Kh4 Rc6 75. g4 Rb6 76. Rg8+ Kh7 77. Rg5 Rh6+ 78. Rh5 Kg6 1/2-1/2

[Event "8th Mersin Open 2024"]
[Site "Mersin"]
[Date "2024.11.13"]
[Round "6"]
[White "Mahmudzade, Yunis"]
[Black "Bayramov, Vugar"]
[Result "1/2-1/2"]
[ECO "D15"]
[WhiteElo "2065"]
[BlackElo "2133"]
[Annotator "NA RC"]
[PlyCount "105"]
[EventDate "2024.11.10"]
[EventType "swiss"]
[EventCountry "TUR"]
[SourceTitle "playchess.com"]
[Source "ChessBase"]
[SourceQuality "1"]
[TimeControl "5400+30"]

1. d4 Nf6 2. Nf3 d5 3. c4 c6 4. Nc3 a6 5. a4 Bf5 6. cxd5 cxd5 7. Bf4 Nc6 8. Nh4 Bg6 9. Nxg6 hxg6 10. e3 e6 11. Be2 Be7 12. h3 Rc8 13. O-O O-O 14. Rb1 Qa5 15. h4 Rfd8 16. Bf3 b5 17. axb5 axb5 18. Ra1 Qb6 19. Qd3 Na7 20. Bg5 b4 21. Ne2 Qb5 22. Qd2 Nc6 23. Nf4 Ne4 24. Bxe4 dxe4 25. Bxe7 Nxe7 26. Rac1 Nd5 27. Nxd5 exd5 28. b3 Kh7 29. Rfd1 f5 30. g3 Kh6 31. Kg2 Kh5 32. Kh2 g5 33. hxg5 Kxg5 34. Kg2 Rc3 35. Qa2 Rdc8 36. Rxc3 bxc3 37. Qa7 Kf6 38. Rc1 c2 39. Qa3 Ke6 40. Qa7 Kf6 41. Qa3 Qc6 42. b4 Qb5 43. Qa5 Qe2 44. Qxd5 Qf3+ 45. Kg1 Qd1+ 46. Kg2 Rh8 47. Qe5+ Kg6 48. Qe6+ Kg5 49. Qe7+ Kg6 50. Qe6+ Kg5 51. Qe7+ Kh6 52. Qh4+ Kg6 53. Rxd1 1/2-1/2

[Event "8th Mersin Open 2024"]
[Site "Mersin"]
[Date "2024.11.13"]
[Round "6"]
[White "Primbetov, Kazbek"]
[Black "Aliyev, Ravan"]
[Result "0-1"]
[ECO "A62"]
[WhiteElo "2059"]
[BlackElo "2338"]
[Annotator "RC"]
[PlyCount "134"]
[EventDate "2024.11.10"]
[EventType "swiss"]
[EventCountry "TUR"]
[SourceTitle "playchess.com"]
[Source "ChessBase"]
[SourceQuality "1"]
[TimeControl "5400+30"]

1. d4 Nf6 2. c4 c5 3. d5 g6 4. Nc3 Bg7 5. Nf3 O-O 6. g3 d6 7. Bg2 e6 8. O-O exd5 9. cxd5 a6 10. a4 Re8 11. Bf4 Nh5 12. Bg5 Qc7 13. Qc1 b6 14. Bh6 Bh8 15. Ng5 Nd7 16. g4 Nhf6 17. h3 Ne5 18. Nge4 Nxe4 19. Nxe4 f5 20. gxf5 Bxf5 21. Ng3 Bd7 22. Bd2 b5 23. f4 Nc4 24. Bc3 Bxc3 25. bxc3 Re3 26. Rf3 Rae8 27. axb5 Bxb5 28. f5 Qf7 29. Kh2 h5 30. fxg6 Qxg6 31. Qg1 Kh7 32. Qf2 Rxf3 33. Bxf3 Rf8 34. Rg1 Ne5 35. Qe3 Nxf3+ 36. exf3 Rg8 37. Qf4 Rg7 38. Qh4 Qg5 39. Qe4+ Qg6 40. Qh4 Qg5 41. Qe4+ Kh8 42. f4 Qg6 43. f5 Qg5 44. Ne2 Qf6 45. Rxg7 Kxg7 46. Nf4 Qe5 47. Qg2+ Kf8 48. Qg5 Bd7 49. Qd8+ Be8 50. Qg5 Bd7 51. Qd8+ Be8 52. Qg5 Bf7 53. Qd8+ Kg7 54. Qg5+ Kh7 55. Kg1 Qg7 56. h4 a5 57. Kf2 Qxg5 58. hxg5 a4 59. g6+ Kg7 60. Nxh5+ Kf8 61. Nf4 a3 62. Ne6+ Bxe6 63. dxe6 a2 64. f6 a1=Q 65. e7+ Ke8 66. g7 Qa2+ 67. Kf3 Qe6 0-1

[Event "8th Mersin Open 2024"]
[Site "Mersin"]
[Date "2024.11.13"]
[Round "6"]
[White "Turker, Esat Tuna"]
[Black "Uzdemir, Ali Poyraz"]
[Result "1/2-1/2"]
[ECO "E10"]
[WhiteElo "2050"]
[BlackElo "2081"]
[Annotator "NA RC"]
[PlyCount "80"]
[EventDate "2024.11.10"]
[EventType "swiss"]
[EventCountry "TUR"]
[SourceTitle "playchess.com"]
[Source "ChessBase"]
[SourceQuality "1"]
[TimeControl "5400+30"]

1. d4 Nf6 2. c4 e6 3. Nf3 c5 4. d5 exd5 5. cxd5 d6 6. e4 g6 7. Bd3 Bg7 8. h3 O-O 9. O-O a6 10. a4 Nbd7 11. Nbd2 Rb8 12. Nc4 Qe7 13. a5 b5 14. axb6 Nxb6 15. Na5 Qc7 16. Nd2 Bd7 17. Qc2 Rfe8 18. Ra2 Nh5 19. f4 f5 20. Kh2 fxe4 21. Nxe4 Bf5 22. Ng5 Qd7 23. g4 Bxd3 24. Qxd3 Nf6 25. f5 Qe7 26. Ne6 Qd7 27. Bd2 Nfxd5 28. Nc4 Nxc4 29. Qxd5 Nb6 30. Qf3 Rxe6 31. fxe6 Qxe6 32. Rxa6 Rf8 33. Qd3 Rxf1 34. Qxf1 Be5+ 35. Kh1 Qd5+ 36. Qg2 Qb3 37. Bc3 Qd1+ 38. Qg1 Qf3+ 39. Qg2 Qd1+ 40. Qg1 Qf3+ 1/2-1/2